 Dungeon Sprint DCSS version 0.19-a0-1922-g1e9a4c1 (webtiles) character file.

1337 LORDOFBUTT the Unseen (level 8, 0/37 HPs)
             Began as a Spriggan Assassin on Oct 24, 2016.
             Was an Initiate of Gozag.
             Killed from afar by a battlesphere (5 damage)
             ... created by a deep elf mage
             ... in the Dungeon (Sprint IX: "|||||||||||||||||||||||||||||").
             The game lasted 00:01:47 (640 turns).

LORDOFBUTT the Unseen (Spriggan Assassin)            Turns: 640, Time: 00:01:49

Health: 0/37       AC:  3    Str: 11    XL:     8   Next: 35%
Magic:  9/9        EV: 31    Int: 13    God:    Gozag
Gold:   783        SH:  0    Dex: 18    Spells: 0 memorised, 7 levels left

rFire  . . .     SeeInvis +     t - +2 rapier (elec)
rCold  . . .     Gourm    .     c - +0 robe
rNeg   . . .     Faith    .     (shield restricted)
rPois  .         Spirit   .     (helmet restricted)
rElec  .         Reflect  .     d - +0 cloak
rCorr  .         Harm     .     (gloves unavailable)
MR     +....     NoTele   +     (boots unavailable)
Stlth  +++++++...               (no amulet)
                                s - +3 ring of strength
                                r - +2 ring of evasion

@: gold aura, very quick
A: unfitting armour, see invisible, herbivore 3, speed 3, slow metabolism 2
a: Potion Petition, Call Merchant, Bribe Branch, Renounce Religion


You were in the Dungeon.
You worshipped Gozag.
Gozag was pleased with you.
You were not hungry.

You visited 1 branch You collected 783 gold pieces.

Inventory:

Hand Weapons
 b - a +0 blowgun
 t - a +2 rapier of electrocution (weapon)
Missiles
 e - 6 poisoned needles
 f - 2 curare-tipped needles
Armour
 c - a +0 robe (worn)
 d - a +0 cloak (worn)
Jewellery
 r - a +2 ring of evasion (left hand)
 s - a +3 ring of strength (right hand)
Wands
 q - a wand of acid (5/15)
Scrolls
 m - 2 scrolls of blinking
 o - 3 scrolls of remove curse
 p - 2 scrolls of amnesia
Potions
 h - 4 potions of curing
 i - 3 potions of heal wounds
 j - a potion of haste
 k - 4 potions of magic
 l - a potion of berserk rage
 n - a potion of invisibility
Comestibles
 g - a bread ration


   Skills:
 - Level 1.5 Fighting
 + Level 10.3 Short Blades
 - Level 2.0 Throwing
 + Level 12.9 Dodging
 * Level 19.2 Stealth


You had 7 spell levels left.
You didn't know any spells.

Dungeon Overview and Level Annotations

Branches:
Dungeon (1/1)

Altars:
Cheibriados
Dithmenos
Elyvilon
Fedhas
Gozag
Hepliaklqana
Kikubaaqudgha
Makhleb
Nemelex Xobeh
Okawaru
Qazlal
Ru
Sif Muna
Trog
Uskayaw
Vehumet
Xom
Yredelemnul
Zin
The Shining One
Beogh
Jiyva
Lugonu


Innate Abilities, Weirdness & Mutations

You are very small and have problems with some larger weapons.
You are too small for most types of armour.
You have supernaturally acute eyesight. (SInv)
You are a herbivore.
You cover ground extremely quickly.
You need consume almost no food.


Message History

54 gold pieces; a +0 helmet You hit the deep elf mage.
There is a sudden explosion of sparks!
The deep elf mage is severely wounded.
You puncture the deep elf mage!
The deep elf mage is almost dead.
The deep elf mage points at you and mumbles some strange words.
The magic dart hits you!
* * * LOW HITPOINT WARNING * * *
You miss the deep elf mage.
The deep elf mage is almost dead.
The deep elf mage gestures wildly while chanting.
The deep elf mage conjures a globe of magical energy!
A battlesphere comes into view.
You closely miss the deep elf mage.
The deep elf mage is almost dead.
The deep elf mage casts a spell at you. The orb of energy misses you.
The battlesphere fires!
The barrage of energy hits you!
You die...
Your body crumbles into a pile of gold. $$$$$ $ $ $ $$$$$ $$$$$$$$$$ $ ▓▓▓▓▓▓▓▓▓▓▓▓▓▓▓▓▓▓▓▓▓▓▓▓▓▓▓▓▓▓▓▓▓ .$$$'..(..))..ze@)*..'.__________ ▓▓▓▓▓▓▓▓▓▓▓▓▓▓▓▓▓▓▓▓▓▓▓▓▓▓▓▓▓▓▓▓▓

You could see a deep elf mage, a wight and a battlesphere.

Vanquished Creatures
  An ugly thing (D)
  A manticore (D)
  A two-headed ogre (D)
  A yak (D)
  A sky beast (D)
  An ogre (D)
  A crimson imp (D)
  A worker ant (D)
  A shadow imp (D)
  2 orcs (D)
  A giant cockroach (D)
  2 goblins (D)
  2 hobgoblins (D)
  A frilled lizard (D)
  2 giant cockroach zombies (D)
  A quokka skeleton (D)
20 creatures vanquished.

Notes
Turn   | Place    | Note
-------+----------+-------------------------------------------
     0 | D        | LORDOFBUTT the Spriggan Assassin began the quest for the Orb.
     0 | D        | Reached XP level 1. HP: 10/10 MP: 2/2
     6 | D        | Reached skill level 6 in Stealth
    16 | D        | Reached skill level 7 in Stealth
   307 | D        | Noticed a worker ant
   309 | D        | Killed a worker ant
   309 | D        | Reached skill level 9 in Stealth
   309 | D        | Reached XP level 2. HP: 14/14 MP: 3/3
   309 | D        | Reached XP level 3. HP: 18/18 MP: 4/4
   336 | D        | Reached skill level 5 in Dodging
   382 | D        | Found a roughly hewn altar of Beogh.
   382 | D        | Found a snail-covered altar of Cheibriados.
   382 | D        | Found a shadowy altar of Dithmenos.
   382 | D        | Found a white marble altar of Elyvilon.
   382 | D        | Found a blossoming altar of Fedhas.
   382 | D        | Found an opulent altar of Gozag.
   383 | D        | Found a hazy altar of Hepliaklqana.
   384 | D        | Found a viscous altar of Jiyva.
   385 | D        | Found an ancient bone altar of Kikubaaqudgha.
   386 | D        | Found a corrupted altar of Lugonu.
   387 | D        | Found a burning altar of Makhleb.
   388 | D        | Found a sparkling altar of Nemelex Xobeh.
   389 | D        | Found an iron altar of Okawaru.
   390 | D        | Became a worshipper of Gozag Ym Sagoz the Greedy
   391 | D        | Found a stormy altar of Qazlal.
   392 | D        | Found a sacrificial altar of Ru.
   393 | D        | Found a deep blue altar of Sif Muna.
   394 | D        | Found a bloodstained altar of Trog.
   395 | D        | Found a hide-covered altar of Uskayaw.
   396 | D        | Found a radiant altar of Vehumet.
   397 | D        | Found a shimmering altar of Xom.
   398 | D        | Found a basalt altar of Yredelemnul.
   399 | D        | Found a glowing silver altar of Zin.
   400 | D        | Found a glowing golden altar of the Shining One.
   444 | D        | Noticed an ogre
   444 | D        | Noticed a sky beast
   444 | D        | Noticed a yak
   444 | D        | Noticed a two-headed ogre
   446 | D        | Killed a two-headed ogre
   446 | D        | Reached skill level 13 in Stealth
   446 | D        | Reached XP level 4. HP: 22/22 MP: 5/5
   446 | D        | Reached XP level 5. HP: 25/25 MP: 6/6
   454 | D        | Killed a yak
   454 | D        | Reached skill level 10 in Dodging
   454 | D        | Reached skill level 15 in Stealth
   454 | D        | Reached XP level 6. HP: 18/30 MP: 7/7
   476 | D        | Killed a sky beast
   476 | D        | Reached skill level 16 in Stealth
   484 | D        | Reached XP level 7. HP: 22/33 MP: 8/8
   584 | D        | Noticed a deep elf mage
   584 | D        | Noticed a green ugly thing
   584 | D        | Noticed a manticore
   599 | D        | Killed a manticore
   599 | D        | Reached skill level 18 in Stealth
   635 | D        | Killed a green ugly thing
   635 | D        | Reached skill level 10 in Short Blades
   635 | D        | Reached skill level 19 in Stealth
   635 | D        | Reached XP level 8. HP: 14/37 MP: 9/9
   640 | D        | Killed from afar by a battlesphere

Vault maps used:
D:        linesprint

Skill      XL: |  1  2  3  4  5  6  7 |
---------------+----------------------+-----
Stealth        | 9 13 15 16 19 | 19.2
Dodging        | 4 8 10 12 | 12.9
Short Blades   | 3 6 8 10 | 10.3
Fighting       | |  1.5
Throwing       | |  2.0

Action                   |  1- 3 |  4- 6 |  7- 9 || total
-------------------------+-------+-------+-------++-------
Melee: Dagger            |    44 |       |       ||    44
       Rapier            |     1 |    20 |    28 ||    49
 Fire: Blowgun           |       |     5 |     2 ||     7
Evoke: Wand              |       |       |     2 ||     2
  Use: Potion            |       |       |     1 ||     1
 Stab: Sleeping          |     2 |     1 |     2 ||     5
Armor: Robe              |     1 |     1 |       ||     2
Dodge: Dodged            |    19 |     8 |    22 ||    49
